 Dungeon Crawl Stone Soup version 0.30.1-11-g7821555f0a (webtiles) character file.

Game seed: 15832862498523993093

33477 SacredBeard the Markself (level 13, -17/61 HPs)
             Began as a Deep Elf Hexslinger on Oct 30, 2023.
             Was a High Priest of Hepliaklqana.
             Killed from afar by Azrael (33 damage)
             ... with damnation
             ... on level 14 of the Dungeon.
             The game lasted 01:34:24 (18576 turns).

SacredBeard the Markself (Deep Elf Hexslinger)     Turns: 18576, Time: 01:34:24

Health: -17/61     AC: 10    Str: 10    XL:     13   Next: 37%
Magic:  33/33      EV: 18    Int: 20    God:    Hepliaklqana [*****.]
Gold:   957        SH:  5    Dex: 19    Spells: 27/41 levels left

rFire   + . .        Y - +11 sling of the Lair of Beasts {elec, Fragile Str+3 Stlth+}
rCold   + . .        (no shield)
rNeg    . . .        R - +3 leather armour
rPois   .            (no helmet)
rElec   .            e - scarf {rC+ rF+}
rCorr   .            p - +2 pair of gloves
SInv    +            V - +0 pair of boots
Will    +....        k - amulet of reflection
Stlth   ++           Z - ring of see invisible
HPRegen 0.30/turn    q - ring of wizardry
MPRegen 0.23/turn

%: reflection, wizardry (x1)
@: no status effects
A: reduced essence
a: Renounce Religion, Recall Ancestor, Ancestor Identity, Transference, Idealise


You were on level 14 of the Dungeon.
You worshipped Hepliaklqana.
Hepliaklqana was extremely pleased with you.
You visited 1 branch of the dungeon, and saw 14 of its levels.
You also visited: Bailey.

You collected 1025 gold pieces.
You spent 68 gold pieces at shops.

Inventory:

Hand Weapons
 Y - the +11 sling of the Lair of Beasts (weapon) {elec, Fragile Str+3 Stlth+}
   (You found it on level 13 of the Dungeon)

   Str:       It affects your strength (+3).
   Fragile:   It will be destroyed if unequipped.
   Stlth:     It makes you more stealthy.
Armour
 c - a +1 cloak
 e - a scarf of resistance (worn)
 p - a +2 pair of gloves (worn)
 R - a +3 leather armour (worn)
 V - a +0 pair of boots (worn)
Jewellery
 f - a ring of willpower
 k - an amulet of reflection (around neck)
 q - a ring of wizardry (right hand)
 A - a ring of willpower
 C - a ring of positive energy
 D - a ring of fire
 X - a ring of protection from cold
 Z - a ring of see invisible (left hand)
Wands
 h - a wand of flame (23)
 w - a wand of light (5)
 H - a wand of charming (5)
 L - a wand of digging (11)
 M - a wand of polymorph (10)
 N - a wand of iceblast (24)
 W - a wand of mindburst (13)
Scrolls
 b - 6 scrolls of poison
 d - 7 scrolls of magic mapping
 g - 3 scrolls of butterflies
 l - 2 scrolls of vulnerability
 n - a scroll of blinking
 o - 6 scrolls of enchant weapon
 r - 7 scrolls of amnesia
 v - 3 scrolls of fog {unknown}
 y - 5 scrolls of fear
 E - 4 scrolls of teleportation
 F - 4 scrolls of immolation
 I - 2 scrolls of noise
 P - a scroll of torment
 S - 2 scrolls of enchant armour
Potions
 a - a potion of invisibility {unknown}
 i - 6 potions of curing
 j - 2 potions of lignification {unknown}
 m - 3 potions of mutation {unknown}
 s - 2 potions of heal wounds
 t - 7 potions of might
 u - a potion of ambrosia
 x - 5 potions of haste
 z - 2 potions of experience
 B - 4 potions of attraction
 G - a potion of berserk rage {unknown}
 J - 2 potions of cancellation {unknown}
 K - 3 potions of flight
 Q - 3 potions of brilliance {unknown}


   Skills:
 - Level 3.0 Fighting
 - Level 18.0 Ranged Weapons
 - Level 10.0 Dodging
 + Level 14.6 Spellcasting
 + Level 14.6 Hexes
 - Level 5.0 Evocations


You had 27 spell levels left.
You knew the following spells:

 Your Spells              Type           Power      Damage    Failure   Level
a - Slow                  Hex            100%       N/A       0%          1
b - Tukima's Dance        Hex            65%        N/A       1%          3
c - Inner Flame           Hex/Fire       43%        N/A       1%          3
d - Portal Projectile     Hex/Tloc       86%        N/A       1%          3
e - Cause Fear            Hex            32%        N/A       1%          4

Your spell library contained the following spells:

 Spells                   Type           Power      Damage    Failure   Level
 Freeze                   Ice            56%        1d7       2%          1
 Magic Dart               Conj           56%        1d5       2%          1
 Necrotise                Necr           56%        1d6       2%          1
 Call Imp                 Summ           28%        N/A       3%          2
 Yara's Violent Unravell  Hex/Tmut       21%        3d10      3%          5
 Frozen Ramparts          Ice            28%        1d5       8%          3
 Hailstorm                Conj/Ice       14%        3d5       8%          3
 Mephitic Cloud           Conj/Pois/Air  14%        N/A       8%          3
 Spider Form              Tmut/Pois      14%        N/A       8%          3
 Vampiric Draining        Necr           14%        2d7       8%          3
 Ice Form                 Ice/Tmut       14%        N/A       24%         4
 Olgreb's Toxic Radiance  Pois           14%        N/A       24%         4
 Passage of Golubria      Tloc           14%        N/A       24%         4
 Summon Ice Beast         Ice/Summ       14%        N/A       24%         4
 Agony                    Necr           14%        N/A       52%         5
 Alistair's Intoxication  Tmut/Pois      9%         N/A       52%         5


Dungeon Overview and Level Annotations

Branches:
Dungeon (14/15) Zot: 25744  Temple (0/1) D:4            Lair (0/5) D:11
    Orc (0/2) D:10         Vaults (0/5) D:13         Bailey (visited)

Altars:
Cheibriados
Dithmenos
Elyvilon
Fedhas
Hepliaklqana
Kikubaaqudgha
Makhleb
Nemelex Xobeh
Okawaru
Qazlal
Ru
Uskayaw
Vehumet
Yredelemnul

Shops:
D:4 :[![   D:8 *

Portals:
Trove: D:13 (give 7 scrolls of blinking)

Annotations:
D:12 3 runed translucent doors, laros's ghost, journeyman MiBe
D:14 Azrael


Message History

Azrael burns Celestine.
Celestine hits Azrael with a +0 flail!
You are too injured to fight recklessly!
Something hits Celestine but does no damage.
Things that are here:
a +0 shortbow; a +0 ring mail; a +3 glaive
Things that are here:
a +0 buckler; a +0 leather armour; a +2 long sword
There is a stone staircase leading up here.
Items here: )) [ |.
You climb upwards.
There is a stone staircase leading down here.
HP restored.
Done exploring.
You climb downwards.
Level annotation: Azrael
There is a stone staircase leading up here.
Items here: )) [ |.
Azrael gestures at you.
The sphere of damnation explodes!
The damnation engulfs you!!
The damnation engulfs Celestine!!!
There is a stone staircase leading up here.
Items here: )) [ |.
You are too injured to fight recklessly!
Unknown command.
Okay, then.
Okay, then.
You are too injured to fight recklessly!
Fire: Y) +11 sling of the Lair of Beasts {elec, Fragile Str+3 Stlth+}
Press: ? - help, Shift-Dir - straight line, f - Azrael
Aim: Azrael, wielding a +4 scimitar of flaming (ally target, 86% to hit)
You shoot a sling bullet. The sling bullet hits Azrael.
Azrael is lightly wounded.
Azrael gestures at you.
The sphere of damnation explodes!
The damnation engulfs you!!
* * * LOW HITPOINT WARNING * * *
You can't go down here!
Azrael gestures at you.
The sphere of damnation explodes!
The damnation engulfs you!!
Ouch! That really hurt!
You die...

#.....R...## ###...#..# #
#.......### ##........#
##.......#### #######..........#
#..#..☼○)[.###................#
###..####○R........###......#..#
#..# ###R.......## #.......#..
...# ##..........## #.......#..
...# #............# ##......##.
... #.........@...# #......# #
.. #........!.....## #.....# #
................#
................#
................##
##..............###
#................#########
#####..............##.....
###.....#####.........


You could see the friendly Celestine the knight and Azrael (ally target).

Vanquished Creatures
  An orc warlord (Bailey)
  Snorg (D:10)
  A catoblepas (D:14)
  A centaur warrior (D:13)
  A boulder beetle (D:12)
  4 two-headed ogres
  2 tengu warriors (D:14)
  A skeletal warrior (D:14)
  An orc knight (Bailey)
  A phantasmal warrior (D:12)
  An ugly thing (D:12)
  An oklob plant (D:6)
  3 cyclopes
  A gargoyle (D:13)
  A kobold demonologist (D:11)
  2 komodo dragons
  4 trolls
  3 polar bears
  A hornet (D:10)
  2 centaur simulacra (D:10)
  A shadow (D:11)
  2 wyverns
  A wraith (D:12)
  3 slime creatures (D:14)
  2 fire elementals (D:14)
  19 yaks
  A hog (shapeshifter) (D:13)
  A basilisk (D:12)
  A dancing weapon (D:5)
  2 vampire mosquitoes (D:11)
  An acid dragon (D:12)
  A hell hound (D:14)
  A black bear (D:5)
  2 sky beasts
  An ice beast (D:5)
  21 orc warriors
  6 ogres (D:10)
  3 centaurs
  6 kobold brigands
  6 gnoll sergeants
  4 scorpions (D:5)
  10 wights
  11 killer bees
  5 howler monkeys
  2 jellies
  4 orc priests
  3 hounds
  3 iguanas
  Ijyb (D:3)
  Natasha (D:3)
  10 orc wizards
  15 gnolls
  6 adders
  3 shadow imps
  A white imp (D:6)
  An ufetubus (D:10)
  A dart slug (D:2)
  49 orcs
  6 endoplasms
  3 giant cockroaches
  21 goblins
  17 hobgoblins
  8 jackals
  25 kobolds
  2 quokkas
  A ball python (D:3)
  2 bats
  6 frilled lizards
  6 rats
341 creatures vanquished.

Vanquished Creatures (collateral kills)
  Louise (D:14)
  An ice dragon (D:13)
  A two-headed ogre (D:13)
  A centaur warrior (D:13)
  The ghost of Oroden the Fighter, a novice OgTm (D:7)
  2 cyclopes
  A deep elf pyromancer (D:12)
  A gargoyle (D:9)
  A komodo dragon (shapeshifter) (D:13)
  2 unseen horrors (D:11)
  A troll (D:12)
  A freezing wraith (D:14)
  A polar bear (D:13)
  3 slime creatures
  2 wraiths (D:12)
  2 yaks
  A basilisk (D:12)
  2 hell hounds (D:14)
  2 black bears
  2 ice beasts
  6 orc warriors
  A wolf (D:13)
  A centaur (D:5)
  A bullfrog (D:9)
  2 scorpions
  3 wights (D:8)
  6 killer bees
  A howler monkey (D:6)
  2 hounds (D:5)
  4 orc priests
  An orc wizard (D:9)
  A sleepcap (D:5)
  5 adders
  A gnoll (D:9)
  A white imp (D:6)
  An ufetubus (D:7)
  10 orcs
  4 goblins
  2 hobgoblins (Bailey)
  A kobold (D:7)
83 creatures vanquished.

Vanquished Creatures (others)
  An orc wizard (D:8)
  10 knights
  An ancestor (D:4)
12 creatures vanquished.

Grand Total: 436 creatures vanquished

Notes
Turn   | Place    | Note
-------+----------+-------------------------------------------
     0 | D:1      | SacredBeard the Deep Elf Hexslinger began the quest for the
                  | Orb.
     0 | D:1      | Reached XP level 1. HP: 11/11 MP: 5/5
   117 | D:1      | Reached skill level 3 in Ranged Weapons
   181 | D:1      | Reached skill level 1 in Fighting
   181 | D:1      | Reached XP level 2. HP: 16/16 MP: 6/6
   553 | D:1      | Got the Anthology of Contamination
   671 | D:1      | Reached XP level 3. HP: 4/20 MP: 6/8
  1829 | D:3      | Noticed Ijyb
  1831 | D:3      | Reached skill level 4 in Ranged Weapons
  1874 | D:2      | Learned a level 3 spell: Tukima's Dance
  1878 | D:2      | Learned a level 3 spell: Inner Flame
  1950 | D:3      | Reached XP level 4. HP: 19/25 MP: 9/9
  2242 | D:3      | Noticed Natasha
  2251 | D:3      | Killed Natasha
  2347 | D:3      | Killed Ijyb
  2348 | D:3      | Reached XP level 5. HP: 5/29 MP: 8/11
  2774 | D:4      | Found Soczo's Book Emporium.
  2936 | D:4      | HP: 1/29 [poisoned by a kobold brigand]
  2946 | D:4      | Reached skill level 5 in Ranged Weapons
  2946 | D:4      | Reached skill level 5 in Hexes
  3195 | D:4      | Found a hide-covered altar of Uskayaw.
  3195 | D:4      | Found a white marble altar of Elyvilon.
  3195 | D:4      | Found a hazy altar of Hepliaklqana.
  3202 | D:4      | Became a worshipper of Hepliaklqana the Forgotten
  3250 | D:4      | Found Ziczeg's Antique Armour Shop.
  3269 | D:4      | Found a staircase to the Ecumenical Temple.
  3305 | D:4      | Found Ifoat's Distillery.
  3313 | D:4      | Bought a potion of degeneration for 12 gold pieces
  3322 | D:4      | You fall into a shaft and drop 3 floors!
  3327 | D:6      | Noticed an ice beast
  3334 | D:5      | Entered Level 5 of the Dungeon
  3334 | D:5      | Noticed a black bear
  3512 | D:4      | Found Ywoehiol's Antique Armour Emporium.
  3592 | D:4      | Reached * piety under Hepliaklqana
  3849 | D:4      | Reached XP level 6. HP: 30/30 MP: 8/13
  4023 | D:4      | Learned a level 3 spell: Portal Projectile
  4285 | D:4      | Reached skill level 6 in Ranged Weapons
  4285 | D:4      | Reached skill level 1 in Evocations
  4363 | D:5      | Reached XP level 7. HP: 34/34 MP: 10/15
  4380 | D:5      | Killed a +0 whip
  4527 | D:5      | Reached skill level 7 in Ranged Weapons
  4638 | D:5      | Found a burning altar of Makhleb.
  4647 | D:5      | Found an iron altar of Okawaru.
  4650 | D:5      | Found a sparkling altar of Nemelex Xobeh.
  4653 | D:5      | Found a snail-covered altar of Cheibriados.
  4711 | D:5      | Reached skill level 5 in Spellcasting
  4945 | D:5      | Found a radiant altar of Vehumet.
  5151 | D:5      | Reached ** piety under Hepliaklqana
  5152 | D:5      | Remembered your ancestor Celestine as a knight
  5336 | D:5      | Reached skill level 8 in Ranged Weapons
  5463 | D:5      | Reached skill level 9 in Ranged Weapons
  5463 | D:5      | Reached XP level 8. HP: 38/38 MP: 11/19
  5468 | D:5      | Reached skill level 10 in Ranged Weapons
  6023 | D:6      | Reached skill level 11 in Ranged Weapons
  6197 | D:6      | Reached skill level 12 in Ranged Weapons
  6427 | D:6      | Found a blossoming altar of Fedhas.
  6582 | D:6      | Reached XP level 9. HP: 42/42 MP: 15/20
  6586 | D:6      | Reached skill level 13 in Ranged Weapons
  6698 | D:6      | Noticed an oklob plant
  6710 | D:6      | Killed an oklob plant
  6711 | D:6      | Reached skill level 14 in Ranged Weapons
  7257 | D:7      | Found a runed translucent door.
  7260 | D:7      | Noticed Oroden's ghost (novice OgTm)
  7808 | D:7      | Reached skill level 15 in Ranged Weapons
  8591 | D:7      | Reached skill level 16 in Ranged Weapons
  8815 | D:8      | Found a stormy altar of Qazlal.
  8837 | D:8      | Noticed a two-headed ogre
  8866 | D:8      | Killed a two-headed ogre
  8867 | D:8      | Reached XP level 10. HP: 45/46 MP: 13/21
  9271 | D:8      | Reached *** piety under Hepliaklqana
  9287 | D:8      | Reached skill level 5 in Dodging
  9429 | D:8      | Found Xinadam's General Store.
  9437 | D:8      | Bought a scroll of identify for 28 gold pieces
  9437 | D:8      | Bought a scroll of identify for 28 gold pieces
  9501 | D:8      | Reached skill level 17 in Ranged Weapons
  9736 | D:8      | Found a shadowy altar of Dithmenos.
  9764 | D:8      | Found a sacrificial altar of Ru.
 10090 | D:7      | Killed Oroden's ghost
 10236 | D:9      | Found a basalt altar of Yredelemnul.
 10567 | D:9      | Noticed a gargoyle
 10581 | D:9      | Killed a gargoyle
 10582 | D:9      | Reached XP level 11. HP: 50/50 MP: 17/25
 10772 | D:9      | Found a flagged portal.
 10790 | Bailey   | Entered a bailey
 10870 | Bailey   | Noticed an orc knight
 10895 | Bailey   | Killed an orc knight
 11025 | Bailey   | Reached skill level 18 in Ranged Weapons
 11034 | Bailey   | Noticed an orc warlord
 11088 | Bailey   | Killed an orc warlord
 11726 | D:10     | Entered Level 10 of the Dungeon
 11792 | D:10     | Noticed Snorg
 11806 | D:10     | Killed Snorg
 11877 | D:10     | Found a staircase to the Orcish Mines.
 11911 | D:10     | Reached skill level 10 in Hexes
 11924 | D:10     | Reached skill level 10 in Spellcasting
 12260 | D:10     | Reached skill level 5 in Evocations
 12323 | D:10     | Reached **** piety under Hepliaklqana
 12811 | D:11     | Reached XP level 12. HP: 57/57 MP: 26/28
 12824 | D:11     | Noticed a two-headed ogre
 12829 | D:11     | Killed a two-headed ogre
 13014 | D:11     | Noticed a two-headed ogre
 13019 | D:11     | Killed a two-headed ogre
 13146 | D:11     | Found a staircase to the Lair.
 13401 | D:11     | Reached ***** piety under Hepliaklqana
 13713 | D:12     | Noticed a two-headed ogre
 13727 | D:12     | Killed a two-headed ogre
 13857 | D:12     | Noticed a boulder beetle
 13885 | D:12     | Killed a boulder beetle
 14249 | D:12     | Found a runed translucent gate.
 14250 | D:12     | Found a runed translucent gate.
 14251 | D:12     | Identified the +11 chain mail of Servitude {Str+3 Dex-3
                  | SInv Stlth+}
 14251 | D:12     | Found a runed translucent gate.
 14253 | D:12     | Noticed laros's ghost (journeyman MiBe)
 14384 | D:12     | Found an ancient bone altar of Kikubaaqudgha.
 14566 | D:12     | Reached skill level 10 in Dodging
 15080 | D:13     | Noticed a two-headed ogre
 15089 | D:13     | Killed a two-headed ogre
 15372 | D:13     | Noticed a centaur warrior
 16145 | D:13     | Killed a centaur warrior
 16506 | D:13     | Noticed a centaur warrior
 16538 | D:13     | Killed a centaur warrior
 16678 | D:13     | Found a gate to the Vaults.
 16738 | D:13     | Reached XP level 13. HP: 61/61 MP: 32/32
 16751 | D:13     | Found a portal to a secret trove of treasure.
 17027 | D:13     | Identified the +11 sling of the Lair of Beasts {elec,
                  | Fragile Str+3 Stlth+}
 17285 | D:13     | Learned a level 4 spell: Cause Fear
 17634 | D:14     | Noticed Louise
 17994 | D:14     | Killed Louise
 18443 | D:14     | Noticed Azrael
 18576 | D:14     | Killed from afar by Azrael

Illustrated notes

Levels and vault maps discovered:
D:1:      beargit_arrival_greenhouse, layout_loops_corners,
          lexackson_kobold_supper
D:2:      layout_rooms, minmay_misc_feat_x
D:3:      layout_loops_ring, minmay_quantized, uniq_ijyb, uniq_natasha
D:4:      minmay_bubble_buster, layout_basic, gammafunk_temple_overflow_claw,
          minmay_temple_entry_large_hall, serial_shops,
          nicolae_shop_real_fake_doors, shop, shop, kennysheep_little_box,
          nicolae_nh_ransacked_shop
D:5:      layout_layer_cave, grunt_temple_overflow_cloverleaf,
          lemuel_round_altar, minmay_joined_circles
D:6:      layout_basic, tgw_fedhas
D:7:      layout_loops_corners, hellmonk_ghost_happy_afterlife,
          due_unseen_surprise
D:8:      layout_gridville, nicolae_overflow_hidden_temple,
          nicolae_qazlal_scattered_showers, mainiacjoe_overflow_brackets,
          serial_shops, nicolae_stop_n_shop_1
D:9:      layout_loops_ring, amcnicky_altar_gilded, enter_bailey_5, minivault_23
D:10:     layout_long_grid, kennysheep_orc_monster_closet_entryway, serial_ice,
          serial_ice_c, serial_ice_j, serial_ice_e, serial_ice_n,
          minmay_misc_feat_square, uniq_snorg
D:11:     layout_irregular_city, grunt_lair_entry_orc_guard_hut
D:12:     layout_roguey [special_room_orc], biasface_ghost_orc_armoury,
          kiku_gazebo_garden_becter
D:13:     layout_loops_ring, david_vaults_4,
          portal_ice_cave_entry_animals_and_master, enter_trove_1,
          grunt_ogre_cave
D:14:     layout_cave_pods, elyvilon_altar_4, uniq_azrael, uniq_louise

Skill      XL: |  1  2  3  4  5  6  7  8  9 10 11 12 13 |
---------------+----------------------------------------+-----
Ranged Weapons | 3 4 5 6 9 12 16 17 18 | 18.0
Fighting       | 1 3 |  3.0
Spellcasting   | 2 3 4 6 8 10 13 14 | 14.6
Dodging        | 3 4 6 7 10 | 10.0
Hexes          | 5 6 8 10 13 14 | 14.6
Evocations     | 1 2 3 5 |  5.0

Action                     |  1- 3 |  4- 6 |  7- 9 | 10-12 | 13-15 || total
---------------------------+-------+-------+-------+-------+-------++-------
   Fire: Sling             |   126 |   108 |    39 |       |    71 ||   344
         Shortbow          |       |       |    92 |   575 |    26 ||   693
   Cast: Slow              |    19 |    33 |    95 |   237 |    36 ||   420
         Inner Flame       |       |    13 |    51 |    93 |     8 ||   165
         Tukima's Dance    |       |       |     1 |     3 |       ||     4
 Invoke: Ancestor Identity |       |     1 |       |       |       ||     1
         Ancestor Life: Kn |       |       |     1 |       |       ||     1
         Recall Ancestor   |       |       |     3 |     6 |     2 ||    11
  Evoke: Wand              |       |       |       |     1 |       ||     1
    Use: Potion            |       |     3 |       |     2 |     2 ||     7
         Scroll            |       |       |       |    15 |     1 ||    16
 Armour: Robe              |     7 |    11 |     3 |       |       ||    21
         Leather armour    |       |       |       |    30 |     1 ||    31
  Dodge: Dodged            |    23 |    24 |    15 |    59 |    11 ||   132
  Block: Other             |     3 |     7 |     7 |    24 |     1 ||    42
         Reflection        |     1 |     1 |     1 |     8 |       ||    11
